 Dungeon Sprint DCSS version 0.17-a0-1711-gc5340a3 (webtiles) character file.

2131 patman the Impaler (level 9, -8/42 HPs)
             Began as a Vine Stalker Gladiator on Aug 22, 2015.
             Was a High Priest of Makhleb.
             Mangled by a six-headed hydra (9 damage)
             ... in the Dungeon (Sprint IX: "|||||||||||||||||||||||||||||").
             The game lasted 00:04:28 (598 turns).

patman the Impaler (Vine Stalker Gladiator)          Turns: 598, Time: 00:04:28

Health: -8/42      AC: 11    Str: 18    XL:     9   Next: 30%
Magic:  0/10       EV: 10    Int: 11    God:    Makhleb [*****.]
Gold:   9          SH:  0    Dex: 18    Spells: 0 memorised, 8 levels left

rFire  . . .     SeeInvis .     g - +2 dire flail (crush)
rCold  . . .     Clarity  .     r - +1 chain mail
rNeg   . . .     SustAt   .     (no shield)
rPois  .         Gourm    .     c - +0 helmet
rElec  .         Spirit   +     (no cloak)
rCorr  .         Warding  .     q - +0 pair of gloves
rMut   .         NoTele   +     (no boots)
MR     +....                    (no amulet)
Stlth  ..........               t - +3 ring of intelligence
                                s - +2 ring of evasion

@: somewhat resistant to hostile enchantments, extremely unstealthy
A: fangs 3, regeneration 2, magic shield, antimagic bite, no device heal 3, rot
immunity
a: Minor Destruction, Lesser Servant of Makhleb, Major Destruction, Greater
Servant of Makhleb, Renounce Religion


You were in the Dungeon.
You worshipped Makhleb.
Makhleb was extremely pleased with you.
You were not hungry.

You visited 1 branch You collected 9 gold pieces.

Inventory:

Hand weapons
 a - a +0 flail
 g - a +2 dire flail of crushing (weapon)
 p - the +8 glaive of the Guard {elec, +Rage AC+5 SInv}
   (You found it in the Dungeon)

   Occasionally, upon striking a foe, it will discharge some electrical energy
   and cause terrible harm.
   It affects your AC (+5).
   It lets you see invisible.
   It lets you go berserk.
Missiles
 d - 3 throwing nets (quivered)
Armour
 b - a +0 leather armour
 c - a +0 helmet (worn)
 q - a +0 pair of gloves (worn)
 r - a +1 chain mail (worn)
Jewellery
 s - a +2 ring of evasion (left hand)
 t - a +3 ring of intelligence (right hand)
Magical devices
 m - a wand of cold (6)
Scrolls
 j - 2 scrolls of fog
 k - 3 scrolls of blinking
 n - 4 scrolls of remove curse
 o - 2 scrolls of amnesia
 u - a scroll of identify
 v - a scroll of fear
Potions
 f - 7 potions of curing
 h - 2 potions of haste
 i - 4 potions of magic
 l - a potion of invisibility
Comestibles
 e - a bread ration


   Skills:
 - Level 1.7 Fighting
 - Level 7.8 Maces & Flails
 * Level 16.3 Polearms
 - Level 1.7 Throwing
 - Level 2.4 Dodging


You had 8 spell levels left.
You didn't know any spells.

Dungeon Overview and Level Annotations

Branches:
Dungeon (1/1)

Altars:
Cheibriados
Dithmenos
Elyvilon
Fedhas
Gozag
Kikubaaqudgha
Makhleb
Nemelex Xobeh
Okawaru
Qazlal
Ru
Sif Muna
Trog
Vehumet
Xom
Yredelemnul
Zin
The Shining One
Beogh
Jiyva
Lugonu


Innate Abilities, Weirdness & Mutations

You have razor-sharp teeth.
You heal very quickly.
When hurt, damage is shared between your health and your magic reserves.
Your bite disrupts and absorbs the magic of your enemies.
Potions and wands cannot restore your health.
You are immune to rotting.


Message History

The six-headed hydra bites you but does no damage. x2
The six-headed hydra bites you.
Unknown command.
Evoke which item? (* to show all) (? for menu, Esc to quit)
Zapping:
m - a wand of cold (7)
Press: ? - help, Shift-Dir - straight line, f - six-headed hydra
Aim: a six-headed hydra (moderately wounded)
The bolt of cold hits the six-headed hydra.
The six-headed hydra is severely wounded.
The bolt of cold hits the iguana.
You kill the iguana!
Makhleb accepts your kill.
You feel better.
The bolt of cold hits the hippogriff.
The hippogriff is heavily wounded.
This wand has 6 charges left.
The six-headed hydra bites you!
* * * LOW HITPOINT WARNING * * *
The six-headed hydra bites you!
* * * LOW HITPOINT WARNING * * *
The six-headed hydra bites you!
You die...

▓▓▓▓▓▓▓▓▓▓▓▓▓▓▓▓▓▓▓▓
..S.).!S..SFH..D@..▓
▓▓▓▓▓▓▓▓▓▓▓▓▓▓▓▓▓▓.▓
...................▓
▓▓▓▓▓▓▓▓▓▓▓▓▓▓▓▓▓▓▓▓
_'.....'...))'...)<▓
▓▓▓▓▓▓▓▓▓▓▓▓▓▓▓▓▓▓▓▓


You could see a six-headed hydra, a black mamba, a hippogriff and a giant frog.

Vanquished Creatures
  A cyclops (D)
  A gargoyle (D)
  A spiny frog (D)
  A komodo dragon (D)
  A yak (D)
  2 water moccasins (D)
  A porcupine (D)
  3 centaurs (D)
  A big kobold (D)
  A wight (D)
  A jelly (D)
  A hound (D)
  2 iguanas (D)
  An adder (D)
  An adder skeleton (D)
  A giant cockroach (D)
  A goblin (D)
  2 giant cockroach zombies (D)
  A giant newt (D)
  A kobold (D)
  2 rats (D)
27 creatures vanquished.

Notes
Turn   | Place    | Note
--------------------------------------------------------------
     0 | D        | patman the Vine Stalker Gladiator began the quest for the Orb.
     0 | D        | Reached XP level 1. HP: 11/11 MP: 2/2
     5 | D        | Reached skill level 3 in Maces & Flails
    14 | D        | Reached skill level 4 in Maces & Flails
    19 | D        | Noticed a jelly
    19 | D        | Noticed a hound
    22 | D        | Reached XP level 2. HP: 12/15 MP: 1/3
    33 | D        | Killed a hound
    33 | D        | Reached skill level 6 in Maces & Flails
    33 | D        | Reached XP level 3. HP: 15/18 MP: 4/4
    34 | D        | Killed a jelly
    34 | D        | Reached skill level 7 in Maces & Flails
    34 | D        | Reached XP level 4. HP: 18/23 MP: 5/5
    68 | D        | Found a glowing silver altar of Zin.
    68 | D        | Found a glowing golden altar of the Shining One.
    68 | D        | Found an ancient bone altar of Kikubaaqudgha.
    68 | D        | Found a basalt altar of Yredelemnul.
    68 | D        | Found a shimmering altar of Xom.
    68 | D        | Found a radiant altar of Vehumet.
    69 | D        | Found an iron altar of Okawaru.
    70 | D        | Found a burning altar of Makhleb.
    71 | D        | Found a deep blue altar of Sif Muna.
    72 | D        | Found a bloodstained altar of Trog.
    73 | D        | Found a sparkling altar of Nemelex Xobeh.
    74 | D        | Found a white marble altar of Elyvilon.
    75 | D        | Found a roughly hewn altar of Beogh.
    76 | D        | Found a viscous altar of Jiyva.
    77 | D        | Found a corrupted altar of Lugonu.
    78 | D        | Found a blossoming altar of Fedhas.
    79 | D        | Found a snail-covered altar of Cheibriados.
    80 | D        | Found a shadowy altar of Dithmenos.
    81 | D        | Found a stormy altar of Qazlal.
    82 | D        | Found an opulent altar of Gozag.
    83 | D        | Found a sacrificial altar of Ru.
   192 | D        | Became a worshipper of Makhleb the Destroyer
   216 | D        | Noticed a wight
   216 | D        | Noticed a big kobold
   216 | D        | Noticed an iguana
   216 | D        | Noticed a yak
   225 | D        | Killed a yak
   225 | D        | Reached XP level 5. HP: 18/26 MP: 6/6
   282 | D        | Killed an iguana
   282 | D        | Acquired Makhleb's first power
   282 | D        | Reached skill level 8 in Polearms
   282 | D        | Gained mutation: You heal very quickly. [Vine Stalker growth]
   282 | D        | Reached XP level 6. HP: 16/30 MP: 5/7
   291 | D        | Killed a big kobold
   291 | D        | Reached skill level 9 in Polearms
   295 | D        | Killed a wight
   295 | D        | Reached skill level 10 in Polearms
   297 | D        | Acquired Makhleb's second power
   428 | D        | Noticed a cyclops
   428 | D        | Noticed a centaur
   428 | D        | Noticed a gargoyle
   428 | D        | Noticed a water moccasin
   428 | D        | Noticed a centaur
   428 | D        | Noticed a centaur
   430 | D        | Killed a centaur
   430 | D        | Reached XP level 7. HP: 34/34 MP: 8/8
   435 | D        | Killed a centaur
   435 | D        | Acquired Makhleb's third power
   435 | D        | Reached skill level 11 in Polearms
   438 | D        | Killed a water moccasin
   438 | D        | Reached skill level 12 in Polearms
   441 | D        | Killed a gargoyle
   441 | D        | Reached skill level 13 in Polearms
   441 | D        | Gained mutation: You have razor-sharp teeth. [Vine Stalker growth]
   441 | D        | Reached XP level 8. HP: 38/38 MP: 9/9
   446 | D        | Killed a centaur
   450 | D        | Killed a cyclops
   450 | D        | Acquired Makhleb's fourth power
   450 | D        | Reached skill level 14 in Polearms
   560 | D        | Noticed a six-headed hydra
   560 | D        | Noticed an iguana
   560 | D        | Noticed a komodo dragon
   560 | D        | Noticed a water moccasin
   560 | D        | Noticed a spiny frog
   560 | D        | Noticed a porcupine
   564 | D        | Noticed a hippogriff
   565 | D        | Killed a porcupine
   565 | D        | Reached skill level 15 in Polearms
   567 | D        | Killed a spiny frog
   567 | D        | Reached XP level 9. HP: 42/42 MP: 8/10
   569 | D        | Noticed a giant frog
   570 | D        | Killed a water moccasin
   574 | D        | Noticed a black mamba
   574 | D        | Killed a komodo dragon
   574 | D        | Acquired Makhleb's fifth power
   574 | D        | Reached skill level 16 in Polearms
   598 | D        | Killed an iguana
   598 | D        | HP: 1/42 [six-headed hydra (7)]
   598 | D        | Mangled by a six-headed hydra

Vault maps used:
D:        linesprint

Action                   |  1- 3 |  4- 6 |  7- 9 || total
-------------------------+-------+-------+-------++-------
Melee: Flail             |    21 |       |       ||    21
       Dire flail        |       |    21 |     4 ||    25
       Glaive            |       |    14 |    30 ||    44
Evoke: Wand              |       |       |     1 ||     1
  Use: Potion            |     1 |       |       ||     1
